 Dungeon Crawl Stone Soup version 0.14-a0-1444-g21dc12d (webtiles) character file.

234 July the Shield-Bearer (level 4, -10/42 HPs)
             Began as a Minotaur Fighter on Dec 13, 2013.
             Killed by divine providence
             ... invoked by an orc priest
              (12 damage)
             ... on Level 3 of the Dungeon.
             The game lasted 00:12:12 (2843 turns).

July the Shield-Bearer (Minotaur Fighter)           Turns: 2843, Time: 00:12:12

HP -10/42        AC  7     Str 22      XL: 4   Next: 91%
MP   2/2         EV  7     Int  5      God:
Gold 103         SH 21     Dex 13      Spells:  0 memorised,  3 levels left

rFire  . . .     SeeInvis .     a - +0,+1 falchion (curse)
rCold  . . .     Clarity  +     b - +0 scale mail
rNeg   . . .     Conserve .     c - +0 shield
rPois  .         rCorr    .     (helmet restricted)
rElec  .         rRot     .     (no cloak)
SustAb . .       Spirit   .     (no gloves)
rMut   .         Warding  .     (no boots)
Saprov . . .     Stasis   .     u - cursed amulet of clarity {unknown}
                                (no ring)
                                f - +4 ring of dexterity

@: slightly resistant to hostile enchantments, extremely unstealthy
A: retaliatory headbutt, horns 2
a: no special abilities


You were on level 3 of the Dungeon.
You were very hungry.

You visited 1 branch of the dungeon, and saw 3 of its levels.

You collected 103 gold pieces.

Inventory:

Hand weapons
 a - a cursed +0,+1 falchion (weapon)
 y - a cursed -3,-2 orcish flail
Armour
 b - a +0 scale mail (worn)
 c - a +0 shield (worn)
Comestibles
 d - 3 bread rations
 h - a sausage
 k - a meat ration
 o - a choko
 C - a banana
Scrolls
 g - 3 scrolls of teleportation
 i - 2 scrolls of blinking
 m - a scroll of enchant weapon II
 p - a scroll of curse armour
Jewellery
 f - a +4 ring of dexterity (left hand)
 u - a cursed amulet of clarity (around neck) {unknown}
Potions
 e - a potion of restore abilities {unknown}
 j - 7 potions of curing {unknown}
 l - a potion of heal wounds {unknown}
 n - 2 potions of agility {unknown}
 v - 2 potions of resistance {unknown}
 x - a potion of flight {unknown}
 B - a potion of poison {unknown}


   Skills:
 - Level 5.0 Fighting
 - Level 2.4 Long Blades
 - Level 4.0 Armour
 * Level 5.6 Shields


You had 3 spell levels left.
You didn't know any spells.

Dungeon Overview and Level Annotations

Branches:
Dungeon (3/16)

Altars:


Innate Abilities, Weirdness & Mutations

You reflexively headbutt those who attack you in melee.
You have a pair of horns on your head.


Message History

The orc wizard flickers and vanishes!
Deactivating autopickup; reactivate with Ctrl-A.
Your shield prevents you from hitting the orc priest.
The orc priest is moderately wounded.
The orc priest barely misses you.
You hit the orc priest.
The orc priest is heavily wounded.
The orc priest mumbles some strange prayers to Beogh against you.
Something smites you!
* * * LOW HITPOINT WARNING * * *
You hit the orc but do no damage.
The orc priest hits you from afar with an orcish trident.
* * * LOW HITPOINT WARNING * * *
Your shield and scale mail prevent you from hitting the orc.
You block the orc's attack.
The orc priest hits you from afar with an orcish trident.
* * * LOW HITPOINT WARNING * * *
The orc priest calls down the wrath of Beogh upon you.
Something smites you!
You die...

###### #####
#############....#####....
.oo.ooo.o@...........'....
#############....#####....
#....# #.... #....# #....
#....# #.... #....# #....
#....# ##### #....# #
#....# #


You could see an orc priest and 5 orcs.

Vanquished Creatures
  An orc priest (D:3)
  2 adders (D:2)
  A giant mite (D:3)
  A worm (D:2)
  A grey rat (D:1)
  A giant gecko (D:2)
  9 orcs (D:3)
  9 bats
  A giant cockroach (D:1)
  8 hobgoblins
  2 jackals (D:2)
  A giant newt (D:2)
  5 goblins
  2 kobolds (D:1)
  2 quokkas
  17 rats
63 creatures vanquished.

Notes
Turn   | Place    | Note
--------------------------------------------------------------
     0 | D:1      | July, the Minotaur Fighter, began the quest for the Orb.
     0 | D:1      | Reached XP level 1. HP: 19/19 MP: 1/1
   144 | D:1      | Reached skill level 4 in Fighting
   250 | D:1      | Reached XP level 2. HP: 14/27 MP: 1/1
  1021 | D:1      | Reached skill level 5 in Fighting
  1145 | D:2      | Reached XP level 3. HP: 34/36 MP: 2/2
  1836 | D:2      | Reached XP level 4. HP: 42/42 MP: 2/2
  2372 | D:3      | Reached skill level 5 in Shields
  2842 | D:3      | HP: 2/42 [orc priest/orcish trident (2)]
  2843 | D:3      | Killed from afar by an orc priest

Action                   |  1- 3 |  4- 6 || total
-------------------------+-------+-------++-------
Melee: Falchion          |   123 |    63 ||   186
  Use: Scroll            |       |    12 ||    12
